cohdb
Replays
Latest Replays
All Replays
Popular Replays
Top Player Replays
Match Explorer
How It Works
Community
CoH3 Stats
Reddit
Sign in to upload your games and track your stats! →
Sign in with Steam
Match 45104540
Unlisted
Match 45104540
Overview
Messages
Build Orders
End
Construct Infanterie Kompanie
Selects Breakthrough Battlegroup
Selects Assault Grenadiers
MG 42 Machine Gun Team
Grenadier Squad
Grenadier Squad
Construct Panzergrenadier Kompanie
Medical Station
Pak 40 Anti-tank Gun Team
Selects Smoke Bombing Run
Support Elements
Nebelwerfer 42 Rocket Launcher Team
Pak 40 Anti-tank Gun Team
StuG III G Assault Gun
Nebelwerfer 42 Rocket Launcher Team
Selects Mechanized Assault Group
Construct Panzer Kompanie
Mechanized Assault Group
Selects Rapid Production
Panzer IV Medium Tank
Selects Blitzkrieg
Grenadier Squad
Side Skirts
Panzer IV Medium Tank
Daghito
Adam Kadmon
Stratego
oberlet
dondidit
Boomgoesthedynamite
0
0
Comments
sign in to comment!
No comments posted yet!